 Dungeon Crawl Stone Soup version 0.21.1-1-g345015f (webtiles) character file.

3084 erloom the Fighter (level 9, -10/78 HPs)
             Began as a Demonspawn Fighter on Mar 5, 2018.
             Was an Initiate of Makhleb.
             Killed by divine providence
             ... invoked by an orc priest
              (17 damage)
             ... on level 8 of the Dungeon on Mar 6, 2018.
             The game lasted 00:28:29 (7178 turns).

erloom the Fighter (Demonspawn Fighter)             Turns: 7178, Time: 00:28:29

Health: -10/78     AC: 17    Str: 17    XL:     9   Next: 58%
Magic:  9/9        EV:  2    Int: 13    God:    Makhleb [......]
Gold:   316        SH:  8    Dex: 12    Spells: 8/8 levels left

rFire    . . .     SeeInvis .   t - +2 broad axe
rCold    + . .     Gourm    .   c - +0 shield
rNeg     . . .     Faith    .   v - +0 plate armour
rPois    .         Spirit   .   (helmet restricted)
rElec    .         Reflect  .   (no cloak)
rCorr    .         Harm     .   (no gloves)
MR       +....                  (no boots)
Stlth    ..........             (no amulet)
HPRegen  0.23/turn              m - ring of protection from magic
MPRegen  0.11/turn              (no ring)

@: lethally poisoned (-10 -> -39), slowed, very slow
A: horns 1, iridescent scales 3, cold resistance 1, powered by pain 1
a: Renounce Religion


You were on level 8 of the Dungeon.
You worshipped Makhleb.
Makhleb was noncommittal.
You were not hungry.

You visited 2 branches of the dungeon, and saw 9 of its levels.

You collected 316 gold pieces.

Inventory:

Hand Weapons
 a - a +0 war axe
 q - a +0 mace of crushing
 t - a +2 broad axe (weapon)
 x - a +2 flail of draining
Missiles
 C - 5 tomahawks (quivered)
Armour
 b - a +0 scale mail
 c - a +0 shield (worn)
 k - a +0 scale mail
 r - a +0 helmet
 v - a +0 plate armour (worn)
 y - a +2 ring mail of poison resistance
 z - a +0 large shield
Jewellery
 m - a ring of protection from magic (left hand)
 E - an uncursed amulet of magic regeneration {unknown}
 Q - an uncursed amulet of guardian spirit {unknown}
Wands
 G - a wand of acid (9)
 H - a wand of flame (28)
 J - a wand of paralysis (28)
 M - a wand of enslavement (5)
 N - a wand of digging (14)
 O - a wand of iceblast (8)
Scrolls
 d - a scroll of enchant armour {unknown}
 e - 2 scrolls of magic mapping
 i - 2 scrolls of blinking
 l - 3 scrolls of teleportation
 n - 2 scrolls of remove curse
 o - 2 scrolls of enchant weapon
 u - 2 scrolls of noise
 A - a scroll of amnesia
 F - 2 scrolls of identify
 L - a scroll of immolation {unknown}
Potions
 g - a potion of lignification
 h - 3 potions of agility
 j - 2 potions of heal wounds {unknown}
 p - 2 potions of curing
 s - 3 potions of degeneration {unknown}
 w - 2 potions of haste {unknown}
 B - a potion of flight {unknown}
 D - a potion of brilliance {unknown}
 I - a potion of magic {unknown}
 K - a potion of mutation {unknown}
Comestibles
 f - 9 rations
 P - 3 chunks of flesh


   Skills:
 + Level 10.0 Fighting
 + Level 9.0 Axes
 - Level 2.6 Armour
 - Level 2.6 Shields


You had 8 spell levels left.
You didn't know any spells.

Dungeon Overview and Level Annotations

Branches:
Dungeon (8/15)             Temple (1/1) D:7            Lair (0/6) D:8

Altars:
Gozag
Hepliaklqana
Makhleb
Nemelex Xobeh
Qazlal
Sif Muna
Trog
Xom
Zin

Shops:
D:4 :

Annotations:
D:2 1 runed door
D:6 Inarius's ghost, novice DsFE
D:8 Erica


Innate Abilities, Weirdness & Mutations

You have a pair of small horns on your head.
You are completely covered in iridescent scales. (AC +6)
Your flesh is cold resistant. (rC+)
You sometimes gain a little power by taking damage.


Message History

You feel very sick.
Something hits you but does no damage. x2
The orc priest miscasts a cantrip.
You slash something! You headbutt something.
You feel sick. You block something's attack.
The orc priest looks satisfied for a moment.
You hear some strange, mumbled words.
A bolt of poison appears from out of thin air!
The bolt of poison hits you!
You are more poisoned.
You feel very sick.
You feel very sick.
You hear some strange, mumbled words.
A bolt of poison appears from out of thin air!
The bolt of poison hits you!
You are more poisoned.
* * * LOW HITPOINT WARNING * * *
The orc priest calls down the wrath of Beogh upon you.
Beogh smites you!
You die... #.# ..# #.# gg#

#o# #####
#o###..<##
#.#####)##.###.#
#)......†....#.#
#######@##.#.#.#
###.###...##
#...<.##.##
#.###)##.# ...
#)...# ###
#)#### #......#
#.##.### ..#


You could see an orc priest, 2 gnolls and an orc.

Vanquished Creatures
  Prince Ribbit (D:6)
  A hippogriff (D:7)
  2 hungry ghosts (D:7)
  3 wargs
  Edmund (D:4)
  An ice beast (D:5)
  3 ogres
  4 bullfrogs
  A gnoll sergeant (D:6)
  2 scorpions (D:5)
  The ghost of PipsiMox the Skirmisher, a weakling DsMo (D:3)
  A crimson imp (D:5)
  2 bullfrog zombies
  4 hounds
  9 orc wizards
  4 orc priests
  An iguana (D:7)
  Ijyb (D:5)
  Natasha (thrice) (D:4)
  5 worker ants
  A killer bee zombie (D:7)
  2 hound skeletons (D:6)
  Robin (D:2)
  8 gnolls
  5 adders
  2 oozes
  An adder zombie (D:5)
  3 adder skeletons
  4 worms
  5 dart slugs
  5 leopard geckos
  20 orcs
  4 giant cockroaches
  13 goblins
  9 hobgoblins
  8 jackals
  5 quokkas
  7 bats
  4 frilled lizards
  6 kobolds
  A leopard gecko skeleton (D:6)
  A quokka skeleton (D:6)
  10 rats
175 creatures vanquished.

Notes
Turn   | Place    | Note
-------+----------+-------------------------------------------
     0 | D:1      | erloom the Demonspawn Fighter began the quest for the Orb.
     0 | D:1      | Reached XP level 1. HP: 18/18 MP: 1/1
    65 | D:1      | Gained mutation: You are partially covered in iridescent scales. (AC +2) [demonic ancestry]
    65 | D:1      | Reached XP level 2. HP: 21/24 MP: 2/2
   582 | D:1      | Gained mutation: You sometimes gain a little power by taking damage. [demonic ancestry]
   582 | D:1      | Reached XP level 3. HP: 29/29 MP: 3/3
   947 | D:1      | You fall through a shaft!
  1073 | D:2      | Reached skill level 4 in Fighting
  1073 | D:2      | Reached XP level 4. HP: 30/37 MP: 4/4
  1363 | D:2      | Noticed Robin
  1375 | D:2      | Killed Robin
  1812 | D:2      | Found a runed door.
  2036 | D:3      | Gained mutation: You are mostly covered in iridescent scales. (AC +4) [demonic ancestry]
  2036 | D:3      | Reached XP level 5. HP: 5/43 MP: 5/5
  2040 | D:3      | HP: 3/64 [poisoned by a worker ant]
  2310 | D:3      | Noticed PipsiMox's ghost (weakling DsMo)
  2510 | D:4      | Found Jesicw's Book Shoppe.
  2673 | D:3      | Killed PipsiMox's ghost
  2673 | D:3      | Reached skill level 5 in Fighting
  2857 | D:4      | Found a hazy altar of Hepliaklqana.
  2857 | D:4      | Found a shimmering altar of Xom.
  2865 | D:4      | Found a sparkling altar of Nemelex Xobeh.
  2890 | D:4      | Reached XP level 6. HP: 51/51 MP: 6/6
  3182 | D:4      | Noticed Edmund
  3193 | D:4      | Killed Edmund
  3193 | D:4      | Reached skill level 6 in Fighting
  3193 | D:4      | Reached skill level 5 in Axes
  3193 | D:4      | Gained mutation: You are completely covered in iridescent scales. (AC +6) [demonic ancestry]
  3193 | D:4      | Reached XP level 7. HP: 52/58 MP: 7/7
  3312 | D:4      | Noticed Natasha
  3327 | D:4      | Killed Natasha
  3355 | D:4      | Noticed Natasha
  3367 | D:4      | Killed Natasha
  3423 | D:4      | Noticed Natasha
  3433 | D:4      | Killed Natasha
  3503 | D:5      | Entered Level 5 of the Dungeon
  3919 | D:5      | Found a deep blue altar of Sif Muna.
  4002 | D:5      | Reached skill level 7 in Fighting
  4343 | D:5      | Gained mutation: You have a pair of small horns on your head. [demonic ancestry]
  4343 | D:5      | Reached XP level 8. HP: 67/67 MP: 8/8
  4379 | D:5      | Found an opulent altar of Gozag.
  4416 | D:5      | Noticed Ijyb
  4425 | D:5      | Killed Ijyb
  4965 | D:6      | Noticed Prince Ribbit
  4981 | D:6      | Killed Prince Ribbit
  4981 | D:6      | Reached skill level 8 in Fighting
  5056 | D:6      | Noticed Inarius's ghost (novice DsFE)
  5462 | D:7      | Noticed a hippogriff
  5475 | D:7      | Killed a hippogriff
  6158 | D:7      | Gained mutation: Your flesh is cold resistant. (rC+) [demonic ancestry]
  6158 | D:7      | Reached XP level 9. HP: 73/75 MP: 9/9
  6169 | D:7      | Reached skill level 9 in Fighting
  6400 | D:7      | Found a staircase to the Ecumenical Temple.
  6406 | Temple   | Entered the Ecumenical Temple
  6414 | Temple   | Became a worshipper of Makhleb the Destroyer
  7006 | D:8      | Found a staircase to the Lair.
  7137 | D:8      | Reached skill level 10 in Fighting
  7154 | D:8      | Noticed Erica
  7178 | D:8      | Killed from afar by an orc priest

Skill      XL: |  1  2  3  4  5  6  7  8  9 |
---------------+----------------------------+-----
Axes           | 2 3 4 5 6 7 9 |  9.0
Fighting       | 4 5 6 7 8 10 | 10.0
Armour         | |  2.6
Shields        | |  2.6

Action                   |  1- 3 |  4- 6 |  7- 9 || total
-------------------------+-------+-------+-------++-------
Melee: War axe           |   107 |    51 |       ||   158
       Mace              |       |    65 |       ||    65
       Broad axe         |       |    79 |   361 ||   440
       Headbutt          |       |       |    39 ||    39
Evoke: Wand              |       |       |     4 ||     4
  Use: Scroll            |       |     8 |     2 ||    10
       Potion            |       |     3 |     1 ||     4
  Eat: Chunk             |     1 |     7 |    14 ||    22
       Ration            |       |       |     6 ||     6
Armor: Scale mail        |    59 |   110 |       ||   169
       Plate armour      |       |     8 |   291 ||   299
Dodge: Dodged            |    34 |    53 |    25 ||   112
Block: Shield            |    51 |    96 |   171 ||   318
